 Dungeon Crawl Stone Soup version 0.29-a0-495-g17b79114eb (webtiles) character file.

Game seed: 6889635932111165485

1719 xian the Vandal (level 8, -5/64 HPs)
             Began as a Demonspawn Chaos Knight on May 28, 2022.
             Was a Plaything of Xom.
             Slain by a spark wasp (shapeshifter) (14 damage)
             ... on level 6 of the Dungeon.
             The game lasted 00:22:14 (4858 turns).

xian the Vandal (Demonspawn Chaos Knight)           Turns: 4858, Time: 00:22:16

Health: -5/64      AC:  8    Str: 26    XL:     8   Next: 75%
Magic:  8/8        EV: 12    Int: 15    God:    Xom [.*....]
Gold:   218        SH:  0    Dex: 16    Spells: 7/7 levels left

rFire   + + .      SeeInvis .   u - +8 fustibalus of the Lettuce {chaos, Fly rN+++ Str+8 Stlth-}
rCold   + . .      Faith    +   (no shield)
rNeg    + + +      Spirit   .   b - +2 leather armour
rPois   .          Reflect  .   (helmet restricted)
rElec   .          Harm     .   v - scarf {rC+ rF+}
rCorr   .          Rampage  .   (no gloves)
Will    +....                   w - +0 pair of boots
Stlth   ++........              y - amulet of faith
HPRegen 0.20/turn               (no ring)
MPRegen 0.22/turn               (no ring)

@: flying
A: horns 2, molten scales 1, powered by death 2, magic regeneration, hooves 1,
thin skeletal structure 1, agile 1, clever 1, fire resistance 1, strong-willed
1, strong 1
a: Renounce Religion


You were on level 6 of the Dungeon.
You worshipped Xom.
You were a plaything of Xom.
You visited 1 branch of the dungeon, and saw 6 of its levels.

You collected 263 gold pieces.
You spent 45 gold pieces at shops.

Inventory:

Hand Weapons
 u - the +8 fustibalus of the Lettuce (weapon) {chaos, Fly rN+++ Str+8 Stlth-}
   (Xom gifted it to you on level 2 of the Dungeon)

   Each projectile launched from it has a different, random effect.
   Str:       It affects your strength (+8).
   rN:        It renders you almost immune to negative energy.
   Fly:       It grants you flight.
   Stlth:     It makes you less stealthy.
 A - a +4 rapier of venom
 E - the +9 heavy crossbow "Sniper" {vorpal, Acc+∞ SInv}
   (You found it on level 5 of the Dungeon)

   Any ammunition fired from it inflicts extra damage upon your enemies.
   Any ammunition fired from it never misses its target.
   SInv:      It lets you see invisible.
Missiles
 q - 6 poisoned darts
 s - a throwing net
Armour
 b - a +2 leather armour (worn)
 k - a +0 cloak
 v - a scarf of resistance (worn)
 w - a +0 pair of boots (worn)
Magical Staves
 B - a staff of cold
Jewellery
 y - an amulet of faith (around neck)
Wands
 m - a wand of charming (7)
 C - a wand of acid (8)
Scrolls
 a - a scroll of magic mapping {unknown}
 f - a scroll of teleportation
 h - a scroll of immolation
 o - 2 scrolls of noise
 t - a scroll of brand weapon {unknown}
 x - a scroll of summoning
 z - a scroll of enchant armour {unknown}
Potions
 d - 5 potions of mutation
 e - a potion of resistance
 g - 4 potions of curing
 i - 2 potions of degeneration {unknown}
 j - a potion of might {unknown}
 l - 2 potions of flight {unknown}
 n - 2 potions of attraction
 p - a potion of haste {unknown}
 r - a potion of heal wounds
 D - 2 potions of lignification {unknown}
Miscellaneous
 c - a piece from Xom's chessboard (15/15)


   Skills:
 + Level 5.7 Fighting
 + Level 3.9 Long Blades
 + Level 7.4 Slings
 + Level 3.4 Armour
 + Level 2.5 Dodging
 + Level 1.9 Stealth


You had 7 spell levels left.
You didn't know any spells.
Your spell library was empty.

Dungeon Overview and Level Annotations

Branches:
Dungeon (6/15)             Temple (0/1) D:5

Altars:
Makhleb
Sif Muna
Uskayaw

Shops:
D:5 [   D:6 !


Innate Abilities, Weirdness & Mutations

You have a pair of horns on your head.
You are partially covered in molten scales. (AC +2)
You regenerate health from kills.
You regenerate magic rapidly.
You have large cloven feet.
You have a somewhat thin skeletal structure. (Dex +2, Stealth+)
You are agile. (Dex +2)
Your mind is acute. (Int +2)
Your flesh is heat resistant. (rF+)
You are strong-willed. (Will+)
Your muscles are strong. (Str +2)


Message History

You reach down and open the door.
There is an open door here.
You reach down and open the door.
There is an open door here.
Found a stone staircase leading down.
Things that are here:
a +0 short sword; 8 poisoned darts; a kobold corpse
Things that are here:
a +0 whip; 4 stones; a kobold corpse
There is an open door here.
You see here an iguana corpse.
There is an open door here.
There is an open door here.
There is an open door here.
There is an open door here.
A satyr comes into view.
The satyr shouts!
You shoot a sling bullet. The sling bullet hits the satyr.
The satyr's magic leaks into the air.
The satyr is lightly wounded.
The satyr's magic is no longer disrupted.
You shoot a sling bullet. The sling bullet hits the satyr!
The satyr is moderately wounded.
You shoot a sling bullet. The sling bullet hits the satyr.
The satyr is moderately wounded.
The satyr closely misses you.
You shoot a sling bullet. The sling bullet hits the satyr.
The satyr is moderately wounded.
The satyr changes into a spark wasp!
You shoot a sling bullet. The sling bullet hits the spark wasp!!
The spark wasp is moderately wounded.
The spark wasp misses you.
You shoot a sling bullet.
The sling bullet closely misses the spark wasp.
The spark wasp stings you!! The spark wasp shocks you!
The spark wasp stings you!!
* * * LOW HITPOINT WARNING * * *
The spark wasp shocks you!
You die...
Xom snickers!

........######.# ........#
########### ##......#
#.........#
##......#####'#######.#
.+......'.........# #.#
##......###.......# #.#
###......##.......# #.#
<##......##.......# #.#
.##.............@.# #.#
..#.............y.# #.#
#.###'#.....#....####.#
#.###.#.....####.#....######
#..##.#####.# #.#.#........#
##.##.# #.# #.#.#.######.#
#..#.# #.####.#.#...<..#
##.#)# #.#...........#.#
#.#)# #.##.#.#.######.#


You could see a spark wasp shaped shifter.

Vanquished Creatures
  A jumping spider (shapeshifter) (D:5)
  Eustachio (D:4)
  Duvessa (D:5)
  2 black bears
  An ice beast (D:5)
  An ogre (D:4)
  2 lemures (D:5)
  A kobold brigand (D:6)
  4 scorpions (D:6)
  A jelly (D:5)
  A hound (D:4)
  2 orc priests (D:5)
  A gnoll shaman (D:6)
  Ijyb (D:5)
  Jessica (D:2)
  3 iguanas
  2 orc wizards
  5 adders
  7 gnolls
  A river rat (D:2)
  An ufetubus (D:6)
  A worm (D:4)
  12 orcs
  5 ball pythons
  5 bats
  9 endoplasms
  2 giant cockroaches (D:4)
  A goblin (D:2)
  3 hobgoblins
  7 jackals
  12 kobolds
  4 quokkas
  3 frilled lizards (D:1)
  5 rats
109 creatures vanquished.

Vanquished Creatures (collateral kills)
  2 lemures (D:5)
  A scorpion (D:5)
  Dowan (D:5)
  An orc (D:5)
5 creatures vanquished.

Grand Total: 114 creatures vanquished

Notes
Turn   | Place    | Note
-------+----------+-------------------------------------------
     0 | D:1      | xian the Demonspawn Chaos Knight began the quest for the
                  | Orb.
     0 | D:1      | Reached XP level 1. HP: 18/18 MP: 1/1
   171 | D:1      | Gained mutation: You have a pair of small horns on your
                  | head. [demonic ancestry]
   171 | D:1      | Reached XP level 2. HP: 24/24 MP: 2/2
   461 | D:1      | XOM: divination: detect items
   494 | D:1      | XOM: give mutations
   494 | D:1      | Gained mutation: You are strong-willed. (Will+) [Xom's
                  | grace]
   494 | D:1      | Gained mutation: Your mind is acute. (Int +2) [Xom's grace]
   494 | D:1      | Gained mutation: You have a somewhat thin skeletal
                  | structure. (Dex +2, Stealth+) [Xom's grace]
   579 | D:1      | XOM: god gift: cyan potion {god gift}
   682 | D:1      | XOM: god gift: wand of charming (7)
   794 | D:2      | XOM: polymorph hobgoblin -> ball python
   933 | D:2      | Reached skill level 1 in Dodging
   933 | D:2      | Gained mutation: You have a pair of horns on your head.
                  | [demonic ancestry]
   933 | D:2      | Reached XP level 3. HP: 8/29 MP: 3/3
  1044 | D:2      | XOM: noise
  1240 | D:2      | XOM: polymorph hobgoblin -> river rat
  1245 | D:2      | Reached skill level 1 in Stealth
  1614 | D:2      | Reached XP level 4. HP: 24/35 MP: 4/4
  1742 | D:2      | Found a faded altar of an unknown god.
  1826 | D:2      | Noticed Jessica
  1833 | D:2      | Killed Jessica
  1882 | D:2      | XOM: give mutations
  1882 | D:2      | Gained mutation: Your muscles are strong. (Str +2) [Xom's
                  | grace]
  1882 | D:2      | Gained mutation: Your flesh is heat resistant. (rF+) [Xom's
                  | grace]
  1882 | D:2      | Gained mutation: You have hidden genetic potential. [Xom's
                  | grace]
  1966 | D:2      | XOM: scenery: 2 doors close
  2068 | D:2      | Identified the +8 fustibalus of the Lettuce {freeze, Fly
                  | rN+++ Str+8 Stlth-} (Xom gifted it to you on level 2 of the
                  | Dungeon)
  2068 | D:2      | XOM: god gift: +8 fustibalus of the Lettuce {chaos, Fly
                  | rN+++ Str+8 Stlth-}
  2428 | D:3      | XOM: god gift: morningstar {god gift}
  2725 | D:3      | Found a shimmering blue altar of Sif Muna.
  2730 | D:3      | Gained mutation: You regenerate a little health from kills.
                  | [demonic ancestry]
  2730 | D:3      | Reached XP level 5. HP: 42/42 MP: 5/5
  2751 | D:3      | XOM: scenery: summon butterflies
  2932 | D:4      | Reached skill level 1 in Slings
  2974 | D:4      | Noticed Eustachio
  2979 | D:4      | Killed Eustachio
  2980 | D:4      | Reached skill level 2 in Slings
  2980 | D:4      | Gained mutation: You regenerate health from kills. [demonic
                  | ancestry]
  2980 | D:4      | Reached XP level 6. HP: 48/48 MP: 6/6
  2983 | D:4      | Gained mutation: You have large cloven feet. [hidden
                  | potential]
  3047 | D:4      | Reached skill level 3 in Slings
  3067 | D:4      | Reached skill level 4 in Slings
  3067 | D:4      | Gained mutation: You regenerate magic rapidly. [demonic
                  | ancestry]
  3067 | D:4      | Reached XP level 7. HP: 55/55 MP: 7/7
  3073 | D:4      | XOM: god gift: 33 gold pieces
  3075 | D:4      | Gained mutation: You are agile. (Dex +2) [hidden potential]
  3075 | D:4      | Lost mutation: You have hidden genetic potential. [hidden
                  | potential expressed]
  3155 | D:4      | XOM: cloud trail
  3368 | D:5      | Entered Level 5 of the Dungeon
  3368 | D:5      | Noticed Ijyb
  3373 | D:5      | Found a staircase to the Ecumenical Temple.
  3373 | D:5      | XOM: 2-stop teleportation journey
  3376 | D:5      | Killed Ijyb
  3390 | D:5      | Found Xean's Armour Emporium.
  3397 | D:5      | Bought a +0 cloak for 45 gold pieces
  3429 | D:5      | XOM: god gift: staff of cold
  3459 | D:5      | XOM: summons friendly iron imp
  3470 | D:5      | Reached skill level 5 in Slings
  3548 | D:5      | Noticed Pikel
  3554 | D:5      | XOM: enchant monster (good)
  3559 | D:5      | Noticed Pikel
  3559 | D:5      | Pikel changed into Pikel the shapeshifter
  3559 | D:5      | Noticed Pikel
  3559 | D:5      | Pikel the shapeshifter changed into Pikel the jumping
                  | spider
  3565 | D:5      | Killed Pikel the jumping spider
  3568 | D:5      | Gained mutation: You are partially covered in molten
                  | scales. (AC +2) [demonic ancestry]
  3568 | D:5      | Reached XP level 8. HP: 16/61 MP: 8/8
  3631 | D:5      | Found a hide-covered altar of Uskayaw.
  3631 | D:5      | XOM: 1-stop teleportation journey
  3636 | D:5      | Reached skill level 6 in Slings
  3642 | D:5      | Reached skill level 5 in Fighting
  3772 | D:5      | Found the +9 heavy crossbow "Sniper" {vorpal, Acc+∞ SInv}
  3774 | D:5      | Noticed Duvessa
  3775 | D:5      | Noticed Dowan
  3780 | D:5      | XOM: chaos cloud
  3781 | D:5      | Paralysed by you for 4 turns
  3787 | D:5      | Killed Duvessa
  3787 | D:5      | Killed Dowan
  4057 | D:6      | Noticed a shapeshifter
  4057 | D:6      | a centaur changed into a shapeshifter
  4057 | D:6      | XOM: polymorph centaur -> shapeshifter
  4057 | D:6      | a shapeshifter changed into something unseen
  4108 | D:6      | XOM: silly message
  4280 | D:6      | XOM: divination: magic mapping
  4335 | D:6      | Found a burning altar of Makhleb.
  4353 | D:6      | Reached skill level 7 in Slings
  4457 | D:6      | Found Xilomeej's Distillery.
  4848 | D:6      | Noticed a satyr
  4856 | D:6      | Noticed a spark wasp
  4856 | D:6      | a satyr changed into a spark wasp
  4858 | D:6      | Slain by a spark wasp (shapeshifter)

Illustrated notes

Levels and vault maps discovered:
D:1:      dpeg_arrival_ternary, layout_rooms
D:2:      layout_loops_corners, basic_ecumenical_altar, serial_bayou_pond_d,
          uniq_jessica
D:3:      layout_loops_ring, kennysheep_orc_sif_temple, minivault_23,
          nrook_mini_vaults, uniq_crazy_yiuf_cottage
D:4:      dreamdust_elfheim, layout_rooms, uniq_eustachio
D:5:      layout_rooms, eat_drink_and_be_merry_uskayaw,
          minmay_temple_entry_poolview, serial_shops, shop, uniq_duvessa,
          uniq_ijyb, uniq_pikel
D:6:      layout_basic, lightli_temple_of_fire, serial_shops, nicolae_shop_trees

Skill      XL: |  1  2  3  4  5  6  7  8 |
---------------+-------------------------+-----
Armour         | 2 3 |  3.4
Long Blades    | 3 |  3.9
Dodging        | 1 2 |  2.5
Stealth        | 1 |  1.9
Slings         | 2 4 5 7 |  7.4
Fighting       | 4 5 |  5.7

Action                   |  1- 3 |  4- 6 |  7- 9 || total
-------------------------+-------+-------+-------++-------
Melee: Falchion          |    83 |     7 |       ||    90
       Headbutt          |    10 |     2 |       ||    12
       Punch             |     1 |       |       ||     1
       Fustibalus        |       |       |     5 ||     5
 Fire: Fustibalus        |       |    82 |   105 ||   187
  Use: Scroll            |       |       |    10 ||    10
       Potion            |       |       |     2 ||     2
 Stab: Sleeping          |     1 |     1 |       ||     2
Armor: Leather armour    |    52 |    18 |    31 ||   101
Dodge: Dodged            |    71 |    24 |    53 ||   148

Table legend: (Time is in decaauts)
 A = Elapsed time spent in this place.
 B = Non-inter-level travel time spent in this place.
 C = Inter-level travel time spent in this place.
 D = Time resting spent in this place.
 E = Time spent auto-exploring this place.
 F = Levels seen in this place.
 G = Mean time per level.
                   A        B        C        D        E       F      G
               +--------+--------+--------+--------+--------+-----+--------+
         Total |   4965 |   4849 |    116 |    468 |   3110 |   6 |  827.5 |
       Dungeon |   4965 |   4849 |    116 |    468 |   3110 |   6 |  827.5 |
               +--------+--------+--------+--------+--------+-----+--------+

Top non-repeatable levels by time:
     D:2: 1396 daAuts
     D:6: 888 daAuts
     D:3: 827 daAuts
     D:1: 730 daAuts
     D:5: 648 daAuts
     D:4: 474 daAuts
